 Dungeon Crawl Stone Soup version 0.24.0-123-gd5b16e6ec5 (webtiles) character file.

Game seed: 14265827459596092276, levelgen mode: deterministic

336 Bluestream the Digger (level 6, -8/32 HPs)
             Began as a Gargoyle Earth Elementalist on Feb 2, 2020.
             Mangled by an orc warrior
             ... wielding a +3 hand axe
              (20 damage)
             ... on level 6 of the Dungeon.
             The game lasted 00:09:12 (3902 turns).

Bluestream the Digger (Gargoyle Earth Elementalist) Turns: 3902, Time: 00:09:13

Health: -8/32      AC:  6    Str: 12    XL:     6   Next: 54%
Magic:  3/11       EV: 12    Int: 17    God:
Gold:   152        SH:  0    Dex: 10    Spells: 3/12 levels left

rFire    . . .     SeeInvis .   (no weapon)
rCold    . . .     Gourm    .   (no shield)
rNeg     + . .     Faith    .   c - +0 robe
rPois    ∞         Spirit   .   (no helmet)
rElec    +         Reflect  .   (no cloak)
rCorr    .         Harm     .   (no gloves)
MR       .....                  (no boots)
Stlth    ++........             (no amulet)
HPRegen  0.10/turn              (no ring)
MPRegen  0.12/turn              (no ring)

@: no status effects
A: negative energy resistance 1, electricity resistance, unbreathing,
petrification resistance, rot immunity, AC +4
a: no special abilities


You were on level 6 of the Dungeon.
You were not hungry.

You visited 1 branch of the dungeon, and saw 5 of its levels.

You collected 152 gold pieces.

Inventory:

Missiles
 b - 61 stones (quivered)
Armour
 c - a +0 robe (worn)
Jewellery
 i - an uncursed amulet of guardian spirit {unknown}
Scrolls
 f - 2 scrolls of remove curse {unknown}
 h - a scroll of teleportation {unknown}
 j - a scroll of fog {unknown}
 k - 3 scrolls of fear {unknown}
 n - 3 scrolls of identify {unknown}
 s - a scroll of amnesia {unknown}
Potions
 a - 2 potions of degeneration {unknown}
 e - a potion of heal wounds {unknown}
 g - a potion of berserk rage {unknown}
 l - 2 potions of cancellation {unknown}
 m - a potion of might {unknown}
 o - a potion of curing {unknown}
 p - 2 potions of flight {unknown}
 r - 2 potions of ambrosia {unknown}
Comestibles
 d - 5 rations


   Skills:
 - Level 2.0 Dodging
 - Level 2.7 Stealth
 + Level 3.9 Spellcasting
 + Level 3.1 Conjurations
   Level 0.7 Transmutations
 + Level 5.7 Earth Magic


You had 3 spell levels left.
You knew the following spells:

 Your Spells              Type           Power        Failure   Level  Hunger
a - Sandblast             Erth           ###...       1%          1    None
b - Stone Arrow           Conj/Erth      ###...       8%          3    ###....
c - Lee's Rapid Deconstr  Erth           ###.......   38%         5    ######.

Your spell library contained the following spells:

 Spells                   Type           Power        Failure   Level  Hunger
 Passwall                 Tmut/Erth      ##......     6%          2    ##.....
 Petrify                  Tmut/Erth      ##......     38%         4    ####...


Dungeon Overview and Level Annotations

Branches:
Dungeon (4/15)             Temple (0/1) D:4

Altars:
Yredelemnul
Zin


Innate Abilities, Weirdness & Mutations

You are resistant to torment.
Your stone body is resilient. (AC +4)
You are immune to poison.
You resist negative energy. (rN+)
You are resistant to electric shocks. (rElec)
You can survive without breathing.
You are immune to petrification.
You are immune to rotting.


Message History

Press: ? - help, Shift-Dir - straight line, f/p - orc warrior
Aim: an orc warrior, wielding a +3 hand axe and wearing a +0 chain mail (heavily wounded)
The blast of sand hits the orc warrior.
The orc warrior is severely wounded.
b - 62 stones The adder misses you.
The orc warrior hits you with a +3 hand axe!!
Ouch! That really hurt!
The orc hits you but does no damage. The adder bites you but does no damage.
Casting: Sandblast (safe; 1% risk of failure)
Confirm with . or Enter, or press ? or * to list all spells.
Aiming: Sandblast (safe; 1% risk of failure)
Press: ? - help, Shift-Dir - straight line, f/p - orc warrior
Aim: an orc warrior, wielding a +3 hand axe and wearing a +0 chain mail (severely wounded)
The blast of sand hits the orc warrior.
The orc warrior is almost dead.
b - 61 stones The orc warrior hits you with a +3 hand axe!!
Ouch! That really hurt!
You die...

.# .. .. ... ##
.# .... ...
.##.. .
#...####.......
........>.#....
......o).......
.......@o......
#....###S....#.
... ..$.... /
.....#. .....#
..(.... .).....
.....#.


You could see an orc warrior, an adder and an orc.

Vanquished Creatures
  An orc priest (D:4)
  2 orc wizards
  Crazy Yiuf (D:2)
  Natasha (thrice) (D:3)
  A gnoll (D:1)
  5 adders
  2 oozes (D:1)
  An adder skeleton (D:4)
  3 dart slugs
  A leopard gecko (D:3)
  4 orcs
  3 giant cockroaches
  9 goblins
  7 hobgoblins
  2 jackals (D:3)
  3 quokkas
  3 ball pythons
  4 bats
  7 frilled lizards
  13 kobolds
  6 rats
81 creatures vanquished.

Notes
Turn   | Place    | Note
-------+----------+-------------------------------------------
     0 | D:1      | Bluestream the Gargoyle Earth Elementalist began the quest
                  | for the Orb.
     0 | D:1      | Reached XP level 1. HP: 10/10 MP: 3/3
    64 | D:1      | Reached XP level 2. HP: 14/15 MP: 0/5
   404 | D:1      | Reached skill level 4 in Earth Magic
   404 | D:1      | Reached XP level 3. HP: 11/19 MP: 3/6
   942 | D:1      | Learned a level 3 spell: Stone Arrow
  1064 | D:2      | Reached XP level 4. HP: 24/24 MP: 6/8
  1216 | D:2      | Reached skill level 1 in Conjurations
  1422 | D:2      | Found a runed translucent door.
  1423 | D:2      | Noticed Crazy Yiuf
  1533 | D:2      | Killed Crazy Yiuf
  1533 | D:2      | Reached XP level 5. HP: 8/28 MP: 0/9
  2785 | D:3      | Noticed Natasha
  2788 | D:3      | Reached skill level 5 in Earth Magic
  2793 | D:3      | Killed Natasha
  3147 | D:3      | Noticed Natasha
  3161 | D:3      | Killed Natasha
  3379 | D:3      | Noticed Natasha
  3385 | D:3      | Killed Natasha
  3385 | D:3      | Reached XP level 6. HP: 23/32 MP: 2/11
  3493 | D:4      | Learned a level 5 spell: Lee's Rapid Deconstruction
  3528 | D:4      | Found a basalt altar of Yredelemnul.
  3532 | D:4      | Found a glowing silver altar of Zin.
  3835 | D:4      | Found a staircase to the Ecumenical Temple.
  3893 | D:4      | You fall into a shaft and drop 2 floors!
  3893 | D:6      | Noticed an orc warrior
  3902 | D:6      | Mangled by an orc warrior

Levels and vault maps discovered:
D:1:      onia_arrival_handbag, layout_basic
D:2:      layout_basic, uniq_crazy_yiuf_cottage
D:3:      layout_basic, uniq_natasha
D:4:      layout_loops_cross, grunt_temple_overflow_cloverleaf,
          nicolae_overflow_hidden_temple, first_ration
D:6:      layout_basic

Skill      XL: |  1  2  3  4  5  6 |
---------------+-------------------+-----
Dodging        | 2 |  2.0
Earth Magic    | 4 5 |  5.7
Conjurations   | 1 2 3 |  3.1
Spellcasting   | 3 |  3.9
Stealth        | |  2.7
Transmutations | |  0.7

Action                   |  1- 3 |  4- 6 || total
-------------------------+-------+-------++-------
Melee: Unarmed           |    24 |       ||    24
 Cast: Sandblast         |    40 |    84 ||   124
       Stone Arrow       |       |     9 ||     9
  Eat: Chunk             |     1 |     6 ||     7
       Ration            |       |     1 ||     1
Armor: Robe              |     9 |    12 ||    21
Dodge: Dodged            |    29 |    17 ||    46
